 Seeded DCSS version 0.29.1-4-g47bece8355 (webtiles) character file.

Game seed: 1 (custom seed)

2 Kazon the Ducker (level 1, -2/16 HPs)
             Began as a Demonspawn Gladiator on Dec 9, 2022.
             Frozen to death by an endoplasm (4 damage)
             ... on level 1 of the Dungeon.
             The game lasted 00:00:53 (92 turns).

Kazon the Ducker (Demonspawn Gladiator)               Turns: 92, Time: 00:00:53

Health: -2/16      AC:  4    Str: 14    XL:     1   Next: 25%
Magic:  1/1        EV: 12    Int:  9    God:
Gold:   35         SH:  0    Dex: 14    Spells: 0/0 levels left

rFire   . . .      SeeInvis .   a - +0 long sword
rCold   . . .      Faith    .   (no shield)
rNeg    . . .      Spirit   .   b - +0 leather armour
rPois   .          Reflect  .   c - +0 helmet
rElec   .          Harm     .   (no cloak)
rCorr   .          Rampage  .   (no gloves)
Will    .....                   (no boots)
Stlth   +.........              (no amulet)
HPRegen 0.05/turn               (no ring)
MPRegen 0.07/turn               (no ring)

@: studying Evocations
A: no striking features
a: no special abilities


You were on level 1 of the Dungeon.
You visited 1 branch of the dungeon, and saw 1 of its levels.

You collected 35 gold pieces.

Inventory:

Hand Weapons
 a - a +0 long sword (weapon)
Missiles
 d - 3 throwing nets (quivered)
 e - a javelin
Armour
 b - a +0 leather armour (worn)
 c - a +0 helmet (worn)
Potions
 f - a potion of haste {unknown}
 g - a potion of flight {unknown}


   Skills:
 + Level 2.2 Fighting
 + Level 2.6 Long Blades
 + Level 1.7 Throwing
 + Level 2.6 Dodging


You couldn't memorise any spells.
You didn't know any spells.
Your spell library was empty.

Dungeon Overview and Level Annotations

Branches:
Dungeon (1/15)

Altars:


Message History

The endoplasm attacks as you move away! The endoplasm hits you.
You see here 4 gold pieces.
You now have 35 gold pieces (gained 4).
The endoplasm closely misses you. The endoplasm attacks as you move away!
The endoplasm barely misses you.
You open the door. The endoplasm misses you.
The endoplasm attacks as you move away!
The endoplasm hits you but does no damage.
The endoplasm jiggles.
There is an open door here.
The endoplasm hits you but does no damage.
The endoplasm attacks as you move away! The endoplasm hits you.
A goblin comes into view. It is wielding a +0 club.
The goblin shouts!
The endoplasm attacks as you move away! The endoplasm misses you.
An endoplasm comes into view.
The endoplasm quivers.
The endoplasm misses you.
The endoplasm hits you but does no damage.
The goblin hits you but does no damage. The endoplasm misses you.
The goblin hits you but does no damage. The endoplasm closely misses you.
The goblin barely misses you. The endoplasm closely misses you.
The endoplasm barely misses you.
The endoplasm hits you but does no damage.
The goblin closely misses you. The endoplasm misses you.
The endoplasm hits you. The goblin barely misses you.
The endoplasm freezes you.
You are frozen.
The endoplasm hits you but does no damage.
The goblin hits you with a +0 club. The endoplasm freezes you.
You are frozen.
* * * LOW HITPOINT WARNING * * *
The endoplasm jiggles.
The endoplasm hits you.
* * * LOW HITPOINT WARNING * * *
The goblin misses you. The endoplasm freezes you.
You are frozen.
You die...

..# #......... ..#
#........ ... ..#
#.......# ####... ..#
#.......# ....... ..#
#.......# .......
..###.......# .......
............## .......
............'####.......
.....)..........@J......
...............Jg.......
.####.####.........#####
.# #.# #.........# .#
#.# #.........# . #.#
#.........# #.#
#.........# ..#
#.........# #.........#


You could see 2 endoplasms and a goblin.

Vanquished Creatures
  A kobold (D:1)
  A bat (D:1)
2 creatures vanquished.

Notes
Turn   | Place    | Note
-------+----------+-------------------------------------------
     0 | D:1      | Kazon the Demonspawn Gladiator began the quest for the Orb.
     0 | D:1      | Reached XP level 1. HP: 16/16 MP: 1/1
    32 | D:1      | Identified a scroll of acquirement
    32 | D:1      | Acquired a manual of Evocations
    92 | D:1      | Frozen to death by an endoplasm

Illustrated notes

Levels and vault maps discovered:
D:1:      dpeg_arrival_three_smaller_balls, layout_basic

Action                   || total
-------------------------++-------
Melee: Long sword        ||     6
  Use: Scroll            ||     1
Armor: Leather armour    ||    18
Dodge: Dodged            ||    36
